 Dungeon Crawl Stone Soup version 0.28.0 (webtiles) character file.

Game seed: 1570788957244727169

9024 AmazingTV the Fighter (level 11, -6/99 HPs)
             Began as a Minotaur Fighter on July 7, 2022.
             Was a Follower of Okawaru.
             Mangled by a shadow (28 damage)
             ... on level 10 of the Dungeon.
             The game lasted 00:30:55 (8965 turns).

AmazingTV the Fighter (Minotaur Fighter)            Turns: 8965, Time: 00:30:56

Health: -6/99      AC: 21    Str: 27    XL:     11   Next: 17%
Magic:  2/4        EV: 11    Int:  5    God:    Okawaru [*.....]
Gold:   696        SH:  7    Dex: 10    Spells: 10/10 levels left

rFire   + + .      SeeInvis .   B - +8 mace "Ysaediac" {antimagic, rPois rF- rN+, mace}
rCold   + + .      Faith    .   c - +0 buckler
rNeg    + . .      Spirit   .   s - +10 scale mail "Ummific" {rF+++ rC++ Str+2}
rPois   +          Reflect  .   (helmet restricted)
rElec   .          Harm     .   E - +0 cloak
rCorr   .          Rampage  .   (no gloves)
Will    .....                   (no boots)
Stlth   +.........              (no amulet)
HPRegen 0.26/turn               j - ring of wizardry
MPRegen 0.09/turn               (no ring)

@: mighty, heroic
A: horns 2, retaliatory headbutt
a: Renounce Religion, Heroism


You were on level 10 of the Dungeon.
You worshipped Okawaru.
Okawaru was aware of your devotion.
You visited 1 branch of the dungeon, and saw 9 of its levels.

You collected 696 gold pieces.


Innate Abilities, Weirdness & Mutations

You have a pair of horns on your head.
You reflexively headbutt those who attack you in melee.


   Skills:
 + Level 9.7(14.7) Fighting
 + Level 8.8(15.5) Axes
 + Level 9.1(15.7) Maces & Flails
 - Level 6.0(11.0) Throwing
 + Level 9.5(14.5) Armour
 - Level 8.0(13.0) Shields
 + Level 3.9 Invocations


You had 10 spell levels left.
You didn't know any spells.
Your spell library contained the following spells:

 Spells                   Type           Power      Damage    Failure   Level
 Foxfire                  Conj/Fire      0%         2x1d4     38%         1
 Blink                    Tloc           0%         N/A       52%         2
 Conjure Flame            Conj/Fire      0%         6-21      75%         3
 Gell's Gravitas          Tloc           0%         N/A       75%         3
 Inner Flame              Hex/Fire       0%         N/A       75%         3
 Lesser Beckoning         Tloc           0%         N/A       75%         3
 Teleport Other           Tloc           0%         N/A       75%         3
 Flame Wave               Conj/Fire      0%         2d4       98%         4
 Manifold Assault         Tloc           0%         N/A       100%        5

Inventory:

Hand Weapons
 z - a +0 mace of protection {mace}
   (You found it on level 6 of the Dungeon)
 A - the +4 mace of Jijasih {vorpal, Int+3 SInv, mace}
   (You found it on level 6 of the Dungeon)

   It inflicts extra damage upon your enemies.
   Int:       It affects your intelligence (+3).
   SInv:      It lets you see invisible.
 B - the +8 mace "Ysaediac" (weapon) {antimagic, rPois rF- rN+, mace}
   (You found it on level 6 of the Dungeon)

   It reduces the magical energy of the wielder, and disrupts the spells and
   magical abilities of those it strikes.
   Natural abilities and divine invocations are not affected.
   rF:        It makes you vulnerable to fire.
   rPois:     It protects you from poison.
   rN:        It protects you from negative energy.
 D - a +2 vorpal mace {mace}
   (You found it on level 6 of the Dungeon)
Missiles
 k - 348 stones (quivered)
 p - 6 silver boomerangs
 q - 6 boomerangs
 u - 11 poisoned darts
 v - 21 bolts
 w - 84 sling bullets
 H - 3 throwing nets {=f!f}
 M - 71 arrows
 R - a curare-tipped dart {=f}
Armour
 b - a +0 scale mail
 c - a +0 buckler (worn)
 s - the +10 scale mail "Ummific" (worn) {rF+++ rC++ Str+2}
   (You found it on level 6 of the Dungeon)

   Str:       It affects your strength (+2).
   rF:        It renders you almost immune to fire.
   rC:        It greatly protects you from cold.
 E - a +0 cloak (worn)
   (You took it off Crazy Yiuf on level 6 of the Dungeon)
Magical Staves
 Q - a staff of death {!astaff}
   (You found it on level 8 of the Dungeon)
Jewellery
 j - a ring of wizardry (left hand)
   (You found it on level 1 of the Dungeon)
 J - a ring of ice
   (You found it on level 8 of the Dungeon)
 N - a ring of ice
   (You took it off a centaur on level 8 of the Dungeon)
Wands
 F - a wand of flame (7)
   (You found it on level 7 of the Dungeon)
 O - a wand of digging (6)
   (You took it off a kobold brigand on level 8 of the Dungeon)
 T - a wand of iceblast (5)
   (You found it on level 9 of the Dungeon)
Scrolls
 e - 8 scrolls of identify {unknown}
 g - 2 scrolls of holy word {unknown}
 h - 2 scrolls of magic mapping {unknown}
 m - a scroll of silence {unknown}
 n - 3 scrolls of amnesia {unknown}
 o - 3 scrolls of fog {unknown}
 r - a scroll of teleportation {unknown}
 x - 3 scrolls of fear {unknown}
 y - a scroll of acquirement {unknown}
 G - a scroll of enchant armour {unknown}
 I - 2 scrolls of vulnerability {unknown}
 L - a scroll of blinking {unknown}
Potions
 a - 2 potions of heal wounds {unknown}
 f - 2 potions of attraction {unknown}
 i - 5 potions of curing {unknown}
 l - a potion of flight {unknown}
 t - a potion of ambrosia {unknown}
 K - 2 potions of haste {@q3}
 P - a potion of resistance
 S - a potion of cancellation {unknown}

Dungeon Overview and Level Annotations

Branches:
Dungeon (10/15)
 Temple: D:4-7         Lair: D:8-11         Orc: D:9-12

Altars:
Ashenzari
Fedhas
Hepliaklqana
Makhleb
Nemelex Xobeh
Okawaru
Uskayaw
Wu Jian
Xom
The Shining One

Shops:
D:10

* #......................
........................
≈.........................
..........................
.....................#....
....................###...
................[....#....
.......$..................
......zz{@#...............
......).)###..............
......∩)z.#...............
.......)..................
..........................
..........................
..........................
.....................(....
..........................


You could see 3 wights.


Message History

You sock the wight! You headbutt the wight. The shadow hits you.
The centaur warrior zombie hits you but does no damage.
The centaur warrior zombie misses you.
You bludgeon the wight!!
You destroy the wight!
Okawaru accepts your kill.
You block the centaur warrior zombie's attack.
The centaur warrior zombie barely misses you.
The shadow hits you! 😮 HP[-7]
You take 7 damage, and now have 72/97 hp.
You bludgeon the centaur warrior zombie!!
The centaur warrior zombie barely misses you.
You furiously retaliate!
You headbutt the centaur warrior zombie!
The centaur warrior zombie kicks you but does no damage.
A bullfrog comes into view.
The shadow hits you. 😮 HP[-4]
You take 4 damage, and now have 68/97 hp.
The bullfrog gives a loud, deep croak!
You thump the centaur warrior zombie!
You headbutt the centaur warrior zombie!
You hear the creaking of a portcullis very nearby.
The centaur warrior zombie hits you but does no damage.
You block the centaur warrior zombie's attack.
The shadow slips into darkness.
The shadow flickers and vanishes!
Deactivating autopickup; reactivate with Ctrl-A.
You block the wight's attack.
The centaur warrior zombie completely misses you.
The centaur warrior zombie kicks you but does no damage.
The wight hits you from afar with a +5 trident. 😮 HP[-4]
You take 4 damage, and now have 64/97 hp.
The wight barely misses you.
The shadow strikes at you from the darkness!
Reactivating autopickup.
You sock the centaur warrior zombie!
You destroy the centaur warrior zombie!
Okawaru is honoured by your kill.
You can now gain great but temporary skills.
The wight hits you but does no damage. The shadow hits you!
You block the wight's attack.
The bullfrog hits you but does no damage. 😮 HP[-7]
You now have 99 max hp (+2).
You take 7 damage, and now have 57/99 hp.
You gain the combat prowess of a mighty hero.
You block the wight's attack. The wight closely misses you.
The bullfrog barely misses you. You block the wight's attack.
The shadow slips into darkness.
The shadow flickers and vanishes!
Deactivating autopickup; reactivate with Ctrl-A.
The wight hits you but does no damage. 😮 HP[+1] MP[-2]
You lost 2 mp, and now have 2/4 mp.
You barely miss the wight. Your headbutt misses the wight.
You block the bullfrog's attack. The wight hits you but does no damage.
You block the wight's attack. The wight hits you but does no damage.
The shadow strikes at you from the darkness!
* * * LOW HITPOINT WARNING * * *
Reactivating autopickup. 😨 HP[-23]
You take 23 damage, and now have 35/99 hp.
MASSIVE DAMAGE!! (PAUSE)
You thump the bullfrog! The bullfrog misses you.
You block the wight's attack. x2
The wight hits you but does no damage. You block the wight's attack.
You closely miss the bullfrog.
The bullfrog hits you but does no damage.
The shadow misses you. You block the wight's attack.
The wight hits you but does no damage.
The wight hits you from afar with a +5 trident!
* * * LOW HITPOINT WARNING * * *
You partially resist.
You feel drained.
* * * LOW HITPOINT WARNING * * *
😨 HP[-9]
You now have 98 max hp (-1).
You take 9 damage, and now have 26/98 hp.
The bullfrog hits you.
* * * LOW HITPOINT WARNING * * *
😱 HP[-5]
You take 5 damage, and now have 21/98 hp.
You hit the bullfrog. You headbutt the bullfrog.
You kill the bullfrog!
Okawaru accepts your kill.
The shadow slips into darkness.
The shadow flickers and vanishes!
Deactivating autopickup; reactivate with Ctrl-A.
Your life force feels restored. 😱 HP[+1]
You now have 99 max hp (+1).
You sock something! Your headbutt misses something.
The wight barely misses you.
You sock the wight! You headbutt the wight.
You destroy the wight!
Okawaru accepts your kill.
The shadow strikes at you from the darkness!
You die...

Skill      XL: |  1  2  3  4  5  6  7  8  9 10 11 |
---------------+----------------------------------+-----
Axes           | 1 2 3 4 5 7 8 |  8.8
Fighting       | 4 5 6 8 9 |  9.7
Armour         | 4 5 6 8 9 |  9.5
Shields        | 4 5 6 8 |  8.0
Maces & Flails | 3 4 5 6 7 8 9 |  9.1
Throwing       | 1 2 3 5 6 |  6.0
Invocations    | 3 |  3.9

Action                   |  1- 3 |  4- 6 |  7- 9 | 10-12 || total
-------------------------+-------+-------+-------+-------++-------
Melee: Flail             |    65 |    85 |       |       ||   150
       Headbutt          |     6 |    14 |    40 |    40 ||   100
       Mace              |       |     6 |   222 |   210 ||   438
Throw: Throwing net      |       |     1 |       |       ||     1
       Dart              |       |     5 |     2 |       ||     7
       Stone             |       |       |       |     2 ||     2
Invok: Heroism           |       |       |       |     1 ||     1
  Use: Potion            |       |       |       |     1 ||     1
 Stab: Held in net/web   |       |     1 |       |       ||     1
Armor: Scale mail        |    27 |    42 |   179 |   120 ||   368
Dodge: Dodged            |    25 |    29 |   118 |    84 ||   256
Block: Buckler           |    13 |    15 |    69 |    56 ||   153

Levels and vault maps discovered:
D:1:      elethiomel_arrival_infinity_welcomes_careful_drivers, layout_basic,
          dreamdust_ecumenical_altar_angels_and_demons
D:2:      layout_basic, basic_altar
D:3:      layout_loops_ring
D:4:      layout_cave_pools, minmay_temple_entry_trees
D:6:      layout_basic, mainiacjoe_overflow_paths, kennysheep_little_box,
          uniq_crazy_yiuf_cottage
D:7:      layout_basic
D:8:      minmay_the_grid_octo_tiled_squarecenter [minmay_the_grid_octo_focus,
          minmay_the_grid_octo_clover, minmay_the_grid_octo_vomiting_pacman,
          minmay_the_grid_octo_horde,
          minmay_the_grid_square_5x5_megaprize_hollow,
          minmay_the_grid_square_5x5_spiral_small,
          minmay_the_grid_square_5x5_broken_cross,
          minmay_the_grid_square_5x5_tetrominoes,
          minmay_the_grid_square_5x5_half_checkered], layout_cave_pools,
          serial_gnoll_camp, grums_kennel, gnoll_camp_mini_doghouse,
          gnoll_camp_mini_sergeant, gnoll_camp_huts_basic,
          gnoll_camp_mini_doghouse, uniq_psyche
D:9:      layout_roguey, minmay_overflow_temple_hex,
          mainiacjoe_overflow_catwalk_spiral, serial_corexii_hall,
          corexii_hall_statues_s, corexii_hall_statues_t,
          corexii_hall_statues_s, corexii_hall_statues_x
D:10:     layout_big_octagon, grunt_lair_entry_orc_guard_hut, serial_shops,
          shop, nicolae_shop_behind_doors, enter_bailey_3,
          minmay_misc_feat_encased, uniq_maurice

Notes
Turn   | Place    | Note
-------+----------+-------------------------------------------
     0 | D:1      | AmazingTV the Minotaur Fighter began the quest for the Orb.
     0 | D:1      | Reached XP level 1. HP: 19/19 MP: 0/0
     0 | D:1      | magus.rc [v1.9.6]
   362 | D:1      | Reached XP level 2. HP: 27/27 MP: 1/1
   449 | D:1      | You pick up a book of Displacement and begin reading...
   449 | D:1      | You add the spells Lesser Beckoning, Gell's Gravitas and
                  | Teleport Other to your library.
   513 | D:1      | Reached skill level 1 in Axes
   723 | D:1      | Found a faded altar of an unknown god.
   898 | D:1      | You pick up a book of Displacement and begin reading...
   961 | D:1      | Reached skill level 4 in Fighting
  1087 | D:2      | Reached skill level 4 in Armour
  1087 | D:2      | Reached skill level 4 in Shields
  1087 | D:2      | Reached XP level 3. HP: 33/33 MP: 2/2
  1089 | D:2      | Reached skill level 3 in Maces & Flails
  1193 | D:2      | Found a glowing golden altar of the Shining One.
  1516 | D:2      | Reached XP level 4. HP: 40/40 MP: 3/3
  1926 | D:3      | Noticed an ogre
  1943 | D:3      | Killed an ogre
  1944 | D:3      | Reached skill level 2 in Axes
  1944 | D:3      | Reached XP level 5. HP: 34/47 MP: 4/4
  2507 | D:4      | You fall into a shaft and drop 2 floors!
  2671 | D:6      | Found a hide-covered altar of Uskayaw.
  2699 | D:6      | Identified the +10 scale mail "Ummific" {rF+++ rC++ Str+2}
  2815 | D:6      | Found a sparkling altar of Nemelex Xobeh.
  2938 | D:6      | Noticed an orc warrior
  2974 | D:6      | Killed an orc warrior
  2975 | D:6      | Reached skill level 4 in Maces & Flails
  2975 | D:6      | Reached XP level 6. HP: 38/55 MP: 5/5
  2992 | D:6      | Reached skill level 5 in Fighting
  2992 | D:6      | Reached skill level 3 in Axes
  2992 | D:6      | Reached skill level 5 in Armour
  3002 | D:6      | Reached skill level 5 in Shields
  3166 | D:6      | You pick up a book of Flames and begin reading...
  3166 | D:6      | You add the spells Foxfire, Conjure Flame, Inner Flame and
                  | Flame Wave to your library.
  3730 | D:6      | Found a runed translucent door.
  3733 | D:6      | Noticed Crazy Yiuf
  3739 | D:6      | Identified the +4 mace of Jijasih {vorpal, Int+3 SInv}
  3742 | D:6      | Identified the +8 mace "Ysaediac" {antimagic, rPois rF-
                  | rN+}
  3750 | D:6      | Identified the +5 mace of Departure {drain, Int+5 Dex+4}
  3763 | D:6      | Killed Crazy Yiuf
  3950 | D:7      | Noticed an ice beast
  3961 | D:7      | Noticed an orc warrior
  3965 | D:7      | Killed an orc warrior
  3966 | D:7      | Reached skill level 1 in Throwing
  3966 | D:7      | Reached XP level 7. HP: 39/61 MP: 6/6
  4181 | D:7      | Reached skill level 4 in Axes
  4181 | D:7      | Reached skill level 5 in Maces & Flails
  4244 | D:7      | Reached skill level 2 in Throwing
  4512 | D:7      | Noticed a steam dragon
  4520 | D:7      | Killed a steam dragon
  4521 | D:7      | Reached skill level 6 in Fighting
  4521 | D:7      | Reached skill level 6 in Armour
  4521 | D:7      | Reached skill level 6 in Shields
  4521 | D:7      | Reached XP level 8. HP: 66/70 MP: 7/7
  5277 | D:8      | Reached skill level 5 in Axes
  5277 | D:8      | Reached skill level 3 in Throwing
  5462 | D:8      | Reached skill level 6 in Maces & Flails
  5475 | D:8      | You pick up a book of Spatial Translocations and begin
                  | reading...
  5475 | D:8      | You add the spells Blink and Manifold Assault to your
                  | library.
  5505 | D:8      | Noticed a hornet
  5519 | D:8      | Paralysed by a hornet for 1 turns
  5525 | D:8      | Killed a hornet
  5526 | D:8      | Reached XP level 9. HP: 43/78 MP: 8/8
  5761 | D:8      | Reached skill level 7 in Fighting
  5761 | D:8      | Reached skill level 7 in Armour
  5761 | D:8      | Reached skill level 7 in Shields
  5877 | D:8      | Reached skill level 4 in Throwing
  5893 | D:8      | Reached skill level 6 in Axes
  6079 | D:8      | Noticed a two-headed ogre
  6109 | D:8      | Killed a two-headed ogre
  6110 | D:8      | Reached skill level 7 in Maces & Flails
  6273 | D:8      | Reached skill level 7 in Axes
  6279 | D:8      | Reached skill level 8 in Fighting
  6279 | D:8      | Reached skill level 5 in Throwing
  6296 | D:8      | Reached skill level 8 in Armour
  6366 | D:8      | Reached skill level 8 in Shields
  6387 | D:8      | Reached XP level 10. HP: 51/88 MP: 3/9
  6681 | D:8      | Found an iron altar of Okawaru.
  6725 | D:8      | Reached skill level 1 in Invocations
  6988 | D:8      | Reached skill level 8 in Maces & Flails
  7008 | D:8      | Noticed Psyche
  7026 | D:8      | Killed Psyche
  7079 | D:8      | Noticed Grum
  7086 | D:8      | Killed Grum
  7087 | D:8      | Reached skill level 2 in Invocations
  7403 | D:9      | Found an ornate altar of the Wu Jian Council.
  7426 | D:9      | Found a glowing golden altar of the Shining One.
  7752 | D:9      | Found an iron altar of Okawaru.
  7752 | D:9      | Found a broken altar of Ashenzari.
  7752 | D:9      | Found a burning altar of Makhleb.
  7752 | D:9      | Found a blossoming altar of Fedhas.
  7776 | D:9      | Reached skill level 9 in Fighting
  7780 | D:9      | Reached skill level 8 in Axes
  7783 | D:9      | Reached skill level 6 in Throwing
  7795 | D:9      | Found a hazy altar of Hepliaklqana.
  7795 | D:9      | Found a shimmering altar of Xom.
  7994 | D:9      | Reached skill level 9 in Armour
  7994 | D:9      | Reached skill level 3 in Invocations
  8534 | D:9      | Noticed a two-headed ogre
  8539 | D:9      | Killed a two-headed ogre
  8546 | D:9      | Reached XP level 11. HP: 97/97 MP: 4/12
  8710 | D:9      | Became a worshipper of Warmaster Okawaru
  8750 | D:10     | Entered Level 10 of the Dungeon
  8923 | D:10     | Found Nelom's Assorted Antiques.
  8927 | D:10     | Noticed Maurice
  8940 | D:10     | Reached skill level 9 in Maces & Flails
  8947 | D:10     | Killed Maurice
  8957 | D:10     | Reached * piety under Okawaru
  8962 | D:10     | HP: 21/98 [bullfrog (5)]
  8965 | D:10     | Mangled by a shadow

Vanquished Creatures
  2 two-headed ogres
  Maurice (D:10)
  A gargoyle (D:10)
  Psyche (D:8)
  2 hornets
  2 wyverns (D:8)
  6 yaks
  Grum (D:8)
  3 steam dragons
  3 water moccasins
  2 ice beasts
  2 black bears (D:8)
  5 orc warriors
  A sky beast (D:8)
  An ogre (D:3)
  A wolf (D:8)
  3 centaurs (D:8)
  A phantom (D:6)
  2 kobold brigands (D:8)
  4 bullfrogs
  A wyvern zombie (D:8)
  4 gnoll sergeants
  12 killer bees (D:8)
  7 wights
  4 centaur zombies
  2 howler monkeys
  A jelly (D:8)
  11 hounds
  2 gnoll shamans (D:8)
  4 orc priests (D:9)
  Crazy Yiuf (D:6)
  10 orc wizards
  2 iguanas
  A hound skeleton (D:3)
  2 howler monkey zombies (D:8)
  25 gnolls
  4 adders (D:2)
  A howler monkey skeleton (D:7)
  A white imp (D:8)
  2 worms
  3 dart slugs
  27 orcs
  6 ball pythons
  7 bats
  5 endoplasms
  A giant cockroach (D:1)
  4 hobgoblins
  5 jackals (D:8)
  2 quokkas (D:1)
  4 frilled lizards
  A goblin (D:1)
  3 kobolds (D:2)
  8 rats
217 creatures vanquished.

Vanquished Creatures (others)
  4 fungi (D:10)
  2 plants (D:10)
6 creatures vanquished.

Grand Total: 223 creatures vanquished

Table legend:
 A = Non-vault XP
 B = Vault XP
 C = Vault XP percentage of total XP
 D = Non-vault monster count
 E = Vault monster count
 F = Vault count percentage of total count
                 A         B        C        D         E       F
            +---------+---------+-------+---------+---------+-------
      Total |    7690 |    5264 |  40.6 |     148 |      69 |  31.8
            +---------+---------+-------+---------+---------+-------
        D:1 |      38 |       0 |   0.0 |      21 |       0 |   0.0
        D:2 |      81 |       0 |   0.0 |      21 |       0 |   0.0
        D:3 |     157 |       0 |   0.0 |      10 |       0 |   0.0
        D:6 |     365 |      39 |   9.7 |      10 |       1 |   9.1
        D:7 |    1001 |       0 |   0.0 |      26 |       0 |   0.0
        D:8 |    1671 |    4659 |  73.6 |      25 |      66 |  72.5
        D:9 |    3022 |       0 |   0.0 |      25 |       0 |   0.0
       D:10 |    1355 |     566 |  29.5 |      10 |       2 |  16.7
            +---------+---------+-------+---------+---------+-------

Illustrated notes

Table legend:
 A = Kills in this place as a percentage of kills in entire the game.
 B = Kills by you in this place as a percentage of kills by you in the entire game.
 C = Kills by friends in this place as a percentage of kills by friends in the entire game.
 D = Other kills in this place as a percentage of other kills in the entire game.
 E = Experience gained in this place as a percentage of experience gained in the entire game.
 F = Experience gained in this place divided by the number of levels of this place that you have seen.
                   A       B       C       D       E      F
               +-------+-------+-------+-------+-------+----------------------
         Total | 100.0 | 100.0 |   N/A |   N/A | 100.0 | 1439.3
       Dungeon | 100.0 | 100.0 |   N/A |   N/A | 100.0 | 1439.3
               +-------+-------+-------+-------+-------+----------------------

Table legend: (Time is in decaauts)
 A = Elapsed time spent in this place.
 B = Non-inter-level travel time spent in this place.
 C = Inter-level travel time spent in this place.
 D = Time resting spent in this place.
 E = Time spent auto-exploring this place.
 F = Levels seen in this place.
 G = Mean time per level.
                   A        B        C        D        E       F      G
               +--------+--------+--------+--------+--------+-----+--------+
         Total |   9009 |   8693 |    316 |   1912 |   5228 |   9 | 1001.0 |
       Dungeon |   9009 |   8693 |    316 |   1912 |   5228 |   9 | 1001.0 |
               +--------+--------+--------+--------+--------+-----+--------+

Top non-repeatable levels by time:
     D:8: 2255 daAuts
     D:6: 1463 daAuts
     D:9: 1363 daAuts
     D:7: 1182 daAuts
     D:1: 1054 daAuts
     D:3: 737 daAuts
     D:2: 732 daAuts
    D:10: 209 daAuts
     D:4: 9 daAuts
